 Dungeon Crawl Stone Soup version 0.29.0-15-g675c0067aa (webtiles) character file.

Game seed: 14196926457561624429

14 qw the Sneak (level 2, -2/19 HPs)
             Began as a Gargoyle Delver on Sept 11, 2022.
             Slain by a gnoll
             ... wielding a +0 spear
              (6 damage)
             ... on level 4 of the Dungeon.
             The game lasted 00:00:09 (278 turns).

qw the Sneak (Gargoyle Delver)                       Turns: 278, Time: 00:00:10

Health: -2/19      AC:  7    Str: 15    XL:     2   Next: 41%
Magic:  2/2        EV: 11    Int: 10    God:
Gold:   10         SH:  0    Dex: 11    Spells: 1/1 levels left

rFire   . . .      SeeInvis .   a - +0 hand axe
rCold   + . .      Faith    .   (no shield)
rNeg    + . .      Spirit   .   h - +2 leather armour of Muinules {rPois rC+}
rPois   inf        Reflect  .   (no helmet)
rElec   +          Harm     .   (no cloak)
rCorr   .          Rampage  .   (no gloves)
Will    .....                   (no boots)
Stlth   +++.......              (no amulet)
HPRegen 0.06/turn               (no ring)
MPRegen 0.08/turn               (no ring)

@: no status effects
A: sickness immunity, AC +2, negative energy resistance 1, electricity
resistance, torment resistance 1, petrification resistance
a: no special abilities


You were on level 4 of the Dungeon.
You visited 1 branch of the dungeon, and saw 2 of its levels.

You collected 10 gold pieces.


Innate Abilities, Weirdness & Mutations

You are immune to sickness and miasma.
Your stone body is resilient. (AC +2)
You are immune to poison.
You resist negative energy. (rN+)
You are resistant to electric shocks. (rElec)
You are resistant to unholy torment.
You are immune to petrification.


   Skills:
 - Level 3.2 Fighting
 + Level 2.7 Axes
 - Level 1.5 Dodging
 - Level 5.4 Stealth


You had one spell level left.
You didn't know any spells.
Your spell library was empty.

Inventory:

Hand Weapons
 a - a +0 hand axe (weapon)
Armour
 h - the +2 leather armour of Muinules (worn) {rPois rC+}
   (You found it on level 5 of the Dungeon)

   rC:        It protects you from cold.
   rPois:     It protects you from poison.
Wands
 g - a wand of digging (3)
Potions
 f - a potion of haste

Dungeon Overview and Level Annotations

Branches:
Dungeon (5/15)
 Temple: D:4-7

Altars:

Annotations:
D:5 1 runed translucent door, qw's ghost, weakling GrDe


Message History

You hit the gnoll but do no damage. The gnoll misses you.
You barely miss the gnoll. The gnoll barely misses you.
The gnoll hits you with a +0 whip.
You hit the gnoll.
The gnoll is moderately wounded.
The gnoll barely misses you.
You hit the gnoll.
The gnoll is severely wounded.
The gnoll misses you.
You slash the gnoll!
You kill the gnoll!
You have reached level 2!
The gnoll hits you but does no damage.
Things that are here:
a +0 whip; a gnoll corpse You hit the gnoll.
The gnoll is lightly wounded.
You barely miss the gnoll. The gnoll hits you but does no damage.
The gnoll barely misses you.
The gnoll hits you from afar with a +0 spear.
You hit the gnoll.
The gnoll is moderately wounded.
The gnoll hits you but does no damage.
The gnoll hits you from afar with a +0 spear.
You closely miss the gnoll.
The gnoll is moderately wounded.
The gnoll hits you with a +0 club. The gnoll barely misses you.
You hit the gnoll.
The gnoll is severely wounded.
The gnoll barely misses you. The gnoll hits you but does no damage.
You hit the gnoll.
The gnoll is almost dead.
The gnoll hits you but does no damage.
The gnoll hits you from afar with a +0 spear.
You hit the gnoll but do no damage.
The gnoll is almost dead.
The gnoll misses you.
The gnoll hits you from afar with a +0 spear.
You die...

#.########
#.......$#
#.........
#....g..g.
#.####....
#.# . #g#
####g####
#....@..#
#.......#
#.......####
+.........>#
#.......##+##
##+###......#
#......#
#...)..#
+......#


You could see 2 gnolls.

Vanquished Creatures
  A gnoll (D:4)
  An endoplasm (D:4)
  A goblin (D:4)
  2 kobolds (D:5)
5 creatures vanquished.

Notes
Turn   | Place    | Note
-------+----------+-------------------------------------------
     0 | D:5      | qw the Gargoyle Delver began the quest for the Orb.
     0 | D:5      | Reached XP level 1. HP: 14/14 MP: 1/1
     0 | D:5      | 0 ||| qw: Version: 0.1-a-117-gfe26ee0
     0 | D:5      | 0 ||| qw: Game counter: 10060
     0 | D:5      | 0 ||| qw: Always use a shield: true
     0 | D:5      | 0 ||| qw: God list: Okawaru
     0 | D:5      | 0 ||| qw: Allow faded altars: false
     0 | D:5      | 0 ||| qw: Do Orc after D:15 true
     0 | D:5      | 0 ||| qw: Do second Lair branch before Depths: true
     0 | D:5      | 0 ||| qw: Lair rune preference: random
     0 | D:5      | 0 ||| qw: Plans: Normal
     0 | D:5      | 0 ||| PLANNING D:1-11
     5 | D:5      | Found a runed translucent door.
     5 | D:5      | Noticed qw's ghost (weakling GrDe)
    12 | D:5      | 12 ||| Stepping ~*~*~tactically~*~*~ (stealth).
    20 | D:5      | 20 ||| Stepping ~*~*~tactically~*~*~ (stealth).
    22 | D:5      | 22 ||| Stepping ~*~*~tactically~*~*~ (stealth).
   130 | D:5      | Identified the +2 leather armour of Muinules {rPois rC+}
   133 | D:5      | 133 ||| UPGRADING to +2 leather armour of Muinules {rPois
                  | rC+}.
   143 | D:5      | 143 ||| DROPPING +0 leather armour.
   144 | D:5      | 144 ||| DROPPING scroll of fog.
   145 | D:5      | 145 ||| DROPPING scroll of magic mapping.
   146 | D:5      | 146 ||| DROPPING scroll of fear.
   257 | D:4      | 257 ||| Stepping ~*~*~tactically~*~*~ (hiding).
   258 | D:4      | 258 ||| Stepping ~*~*~tactically~*~*~ (hiding).
   262 | D:4      | 262 ||| Stepping ~*~*~tactically~*~*~ (hiding).
   263 | D:4      | 263 ||| Stepping ~*~*~tactically~*~*~ (hiding).
   264 | D:4      | 264 ||| Stepping ~*~*~tactically~*~*~ (hiding).
   265 | D:4      | 265 ||| Stepping ~*~*~tactically~*~*~ (hiding).
   271 | D:4      | Reached XP level 2. HP: 12/19 MP: 2/2
   277 | D:4      | HP: 4/19 [gnoll/+0 spear (2)]
   278 | D:4      | Slain by a gnoll

Levels and vault maps discovered:
D:4:      layout_basic, st_stairs_4, skrybe_limestone_x, uniq_sigmund
D:5:      layout_loops_cross, lemuel_temple_firewalk_b, gammafunk_ghost_grave,
          uniq_edmund

Skill      XL: |  1 |
---------------+----+-----
Axes           | 2 |  2.7
Fighting       | |  3.2
Dodging        | |  1.5
Stealth        | |  5.4

Action                   || total
-------------------------++-------
Melee: Hand axe          ||    19
Armor: Leather armour    ||     6
Dodge: Dodged            ||    12

Table legend:
 A = Non-vault XP
 B = Vault XP
 C = Vault XP percentage of total XP
 D = Non-vault monster count
 E = Vault monster count
 F = Vault count percentage of total count
                 A         B        C        D         E       F
            +---------+---------+-------+---------+---------+-------
      Total |      20 |       0 |   0.0 |       5 |       0 |   0.0
            +---------+---------+-------+---------+---------+-------
        D:4 |      18 |       0 |   0.0 |       3 |       0 |   0.0
        D:5 |       2 |       0 |   0.0 |       2 |       0 |   0.0
            +---------+---------+-------+---------+---------+-------
